AoeStats
← Cinnamoroll

Oasis

507422804Analyzed
4v4 RM · 13d ago on Sep 18, 2026· 21m 20s· 8 players
Game mode
Random Map
Map size
Large (8 player)
Population
200
Speed
Normal
Resources
Standard
Victory
Conquest
Starting age
Dark Age
Ending age
Imperial Age
RankedLock teamsTeams togetherTeam positionsShared explorationLock speedFull tech treeHidden civsTurbo modeCheats
Victory
Defeat
🇨🇳 Vietnamese · China
1451
+16
🇨🇳 Magyars · China
1448
+16
🇨🇳 Poles · China
1440
+16
🇦🇺 Romans · Australia
1432
+17
🇨🇦 Spanish · Canada
1527
-20
🇺🇸 Italians · United States
1511
-19
🇺🇸 Persians · United States
1419
-15
🇺🇸 Britons · United States
1323
-11
2468899547
5:59 Loom
8:41 Feudal Age
16:52 Fletching
19:44 Horse Collar
Boga
6:20 Loom
9:00 Feudal Age
9:09 Man-at-Arms
9:43 Loom
10:13 Double-Bit Axe
12:23 Scale Mail Armor
15:08 Forging
20:19 Castle Age
hoot
9:20 Feudal Age
9:17 Loom
9:56 Double-Bit Axe
11:23 Horse Collar
15:53 Scale Barding Armor
19:51 Wheelbarrow
20:08 Gold Mining
21:08 Bloodlines
逸丶然
6:25 Loom
9:02 Feudal Age
9:36 Double-Bit Axe
11:47 Horse Collar
18:01 Wheelbarrow
21:09 Castle Age
19:01 Gold Mining
19:03 Stone Mining
19:45 Scale Barding Armor
20:07 Forging
Dr Whitman
7:54 Loom
9:40 Feudal Age
11:55 Double-Bit Axe
20:30 Fletching
Zilchland
4:08 Loom
9:45 Feudal Age
11:24 Fletching
Cain2point0
8:44 Feudal Age
9:42 Double-Bit Axe
13:10 Forging
14:01 Horse Collar
17:13 Wheelbarrow
20:57 Castle Age
19:44 Scale Barding Armor
20:02 Bloodlines
19:45 Gold Mining
Cinnamoroll
3:51 Loom
9:50 Feudal Age
10:47 Double-Bit Axe
11:21 Horse Collar
15:36 Scale Barding Armor
17:27 Town Watch
19:07 Forging
20:12 Bloodlines
21:03 Forging
Connection lost

Rejoining the realm…

Still unreachable

The connection could not be restored.

Session expired

The server has moved on; the page needs a fresh start.